3L
MONTANA PANDAS @ VANCOUVER GREY WOLVES
07/19/2042
 
TOP OF THE 1ST
Montana Pandas batting - Pitching for Vancouver Grey Wolves : RHP José García
Pitching: RHP José García
Batting: SHB Gerrie Bond 0-0: Called Strike
0-1: Foul Ball, location: 2F
0-2: Fly out, F9 (Flyball, 9, EV 88.8 MPH)
Batting: LHB Dean Jackson 0-0: Ground out 4-3 (Groundball, 4, EV 105.6 MPH)
Batting: LHB Martín Pliego 0-0: Ball
1-0: Swinging Strike
1-1: Foul Ball, location: 2F
1-2: Ball
2-2: Foul Ball, location: 2F
2-2: Fly out, F8 (Line Drive, 8LD, EV 90.0 MPH)
Top of the 1st over - 0 runs, 0 hits, 0 errors, 0 left on base; Montana 0 - Vancouver 0
BOTTOM OF THE 1ST
Vancouver Grey Wolves batting - Pitching for Montana Pandas : RHP Sergio Gómez
Pitching: RHP Sergio Gómez
Batting: SHB Willie McGirt 0-0: Ball
1-0: Ball
2-0: Ball
3-0: Base on Balls
Batting: RHB Rafael Maldonado 0-0: Called Strike
0-1: Called Strike
0-2: Foul Ball, location: 2F
0-2: Fly out, F8 (Flyball, 78M, EV 94.4 MPH)
Batting: SHB John Hawley 0-0: Ball
Willie McGirt steals 2nd base
1-0: Swinging Strike
1-1: Foul Ball, location: 2F
1-2: Ball
Wild Pitch!
Willie McGirt to third
2-2: Strikes out looking
Batting: LHB José Arras 0-0: Called Strike
0-1: Ball
1-1: SINGLE (Groundball, 4MD, EV 98.1 MPH)
Willie McGirt scores
Batting: RHB José Torres 0-0: Ball
1-0: Swinging Strike
1-1: Called Strike
1-2: Ground out 1-3 (Groundball, 34S, EV 82.5 MPH)
Bottom of the 1st over - 1 run, 1 hit, 0 errors, 1 left on base; Montana 0 - Vancouver 1
TOP OF THE 2ND
Montana Pandas batting - Pitching for Vancouver Grey Wolves : RHP José García
Batting: LHB Bharti Mona 0-0: Called Strike
0-1: Ball
1-1: Ball
2-1: Foul Ball, location: 2F
2-2: Foul Ball, location: 2F
2-2: Fly out, F9 (Flyball, 9, EV 90.0 MPH)
Batting: RHB Tony Randolph 0-0: Ball
1-0: Ball
2-0: SINGLE (Groundball, 6MD, EV 102.5 MPH)
Batting: LHB Hsui-chuan Tsou 0-0: Foul Ball, location: 2F
0-1: Fielders Choice at 2nd, 1-6 (Groundball, P, EV 93.1 MPH)
Batting: SHB Chris Piña 0-0: Called Strike
0-1: Fly out, F8 (Flyball, 78M, EV 89.4 MPH)
Top of the 2nd over - 0 runs, 1 hit, 0 errors, 1 left on base; Montana 0 - Vancouver 1
BOTTOM OF THE 2ND
Vancouver Grey Wolves batting - Pitching for Montana Pandas : RHP Sergio Gómez
Batting: LHB Javier Caceres 0-0: Ball
1-0: Fly out, F8 (Flyball, 8LS, EV 90.0 MPH)
Batting: RHB David Stone 0-0: Called Strike
0-1: Ball
1-1: Ball
2-1: Called Strike
2-2: Foul Ball, location: 2F
2-2: Foul Ball, location: 2F
2-2: Ball
3-2: Base on Balls
Batting: LHB Cameron Woolever 0-0: Ball
1-0: Called Strike
1-1: Foul Ball, location: 2F
1-2: Ball
2-2: Fielders Choice at 2nd, 6-4 (Groundball, 6, EV 103.1 MPH)
Batting: RHB Kao-tsu Koo 0-0: Called Strike
0-1: Foul Ball, location: 2F
0-2: Fly out, F9 (Line Drive, 9, EV 101.9 MPH)
Bottom of the 2nd over - 0 runs, 0 hits, 0 errors, 1 left on base; Montana 0 - Vancouver 1
TOP OF THE 3RD
Montana Pandas batting - Pitching for Vancouver Grey Wolves : RHP José García
Batting: LHB António Casas 0-0: Ball
1-0: Ball
2-0: Called Strike
2-1: Foul Ball, location: 2F
2-2: Ball
3-2: Base on Balls
Batting: SHB Manu Pakkarinen 0-0: Called Strike
0-1: Ball
1-1: Ball
2-1: Ball
3-1: Swinging Strike
3-2: Strikes out swinging
Batting: SHB Gerrie Bond 0-0: Ball
1-0: Called Strike
António Casas steals 2nd base
1-1: Foul Ball, location: 2F
1-2: Strikes out swinging
Batting: LHB Dean Jackson 0-0: Called Strike
0-1: Swinging Strike
0-2: Fly out, F7 (Flyball, 78S, EV 88.8 MPH)
Top of the 3rd over - 0 runs, 0 hits, 0 errors, 1 left on base; Montana 0 - Vancouver 1
BOTTOM OF THE 3RD
Vancouver Grey Wolves batting - Pitching for Montana Pandas : RHP Sergio Gómez
Batting: SHB Willie McGirt 0-0: Ball
1-0: Ball
2-0: Ball
3-0: Base on Balls
Batting: RHB Rafael Maldonado 0-0: Swinging Strike
0-1: Ball
1-1: Fly out, F9 (Line Drive, 9D, EV 91.9 MPH)
Batting: SHB John Hawley 0-0: Ball
1-0: SINGLE (Flyball, 78S, EV 88.1 MPH)
Willie McGirt to second
Batting: LHB José Arras 0-0: Ball
1-0: Ball
2-0: SINGLE (Flyball, 7LM, EV 88.8 MPH)
Willie McGirt to third
John Hawley to second
Runner from 3rd tries for Home, SAFE, no throw by LF
Batting: RHB José Torres 0-0: Ball
1-0: Foul Ball, location: 2F
1-1: Swinging Strike
1-2: Strikes out looking
Batting: LHB Javier Caceres 0-0: Foul Ball, location: 2F
0-1: Foul Ball, location: 2F
0-2: Ball
1-2: Strikes out swinging
Bottom of the 3rd over - 1 run, 2 hits, 0 errors, 2 left on base; Montana 0 - Vancouver 2
TOP OF THE 4TH
Montana Pandas batting - Pitching for Vancouver Grey Wolves : RHP José García
Batting: LHB Martín Pliego 0-0: Ground out U3 (Groundball, 3, EV 90.6 MPH)
Batting: LHB Bharti Mona 0-0: Ground out 4-3 (Groundball, 4, EV 106.2 MPH)
Batting: RHB Tony Randolph 0-0: Called Strike
0-1: Foul Ball, location: 2F
0-2: Ball
1-2: SINGLE (Groundball, 4MD, EV 95.6 MPH)
Batting: LHB Hsui-chuan Tsou 0-0: Ball
1-0: Ball
2-0: Called Strike
2-1: Ground out U3 (Groundball, 3, EV 83.1 MPH)
Top of the 4th over - 0 runs, 1 hit, 0 errors, 1 left on base; Montana 0 - Vancouver 2
BOTTOM OF THE 4TH
Vancouver Grey Wolves batting - Pitching for Montana Pandas : RHP Sergio Gómez
Batting: RHB David Stone 0-0: Called Strike
0-1: Called Strike
0-2: Ball
1-2: Foul Ball, location: 2F
1-2: Strikes out looking
Batting: LHB Cameron Woolever 0-0: SINGLE (Groundball, 25, EV 68.8 MPH) (infield hit)
Batting: RHB Kao-tsu Koo 0-0: Ball
1-0: Called Strike
1-1: Ball
2-1: Called Strike
Cameron Woolever is caught stealing 2nd base 2-4
2-2: Ball
3-2: Foul Ball, location: 2F
3-2: Fly out, F9 (Flyball, 9D, EV 91.2 MPH)
Bottom of the 4th over - 0 runs, 1 hit, 0 errors, 0 left on base; Montana 0 - Vancouver 2
TOP OF THE 5TH
Montana Pandas batting - Pitching for Vancouver Grey Wolves : RHP José García
Batting: SHB Chris Piña 0-0: Fly out, F5 (Popup, 5SF, EV 68.8 MPH)
Batting: LHB António Casas 0-0: Called Strike
0-1: Foul Ball, location: 2F
0-2: Foul Ball, location: 2F
0-2: Ball
1-2: Ball
2-2: Ball
3-2: Foul Ball, location: 2F
3-2: Base on Balls
Batting: SHB Manu Pakkarinen 0-0: Ball
1-0: Foul Ball, location: 2F
1-1: Ball
2-1: Called Strike
2-2: Ball
3-2: Fly out, F5 (Popup, 5SF, EV 76.9 MPH)
Batting: SHB Gerrie Bond 0-0: Ball
1-0: Foul Ball, location: 2F
1-1: Ball
2-1: Foul Ball, location: 2F
2-2: Foul Ball, location: 2F
2-2: SINGLE (Groundball, 56D, EV 105.6 MPH)
António Casas to second
Batting: LHB Dean Jackson 0-0: Foul Ball, location: 2F
0-1: Foul Ball, location: 2F
0-2: Ball
1-2: Ball
2-2: SINGLE (Flyball, 89S, EV 84.4 MPH)
António Casas to third
Gerrie Bond to second
Runner from 3rd tries for Home, SAFE, no throw by RF
Batting: LHB Martín Pliego 0-0: SINGLE (Groundball, 4M, EV 101.9 MPH)
Gerrie Bond to third
Dean Jackson to second
Runner from 3rd tries for Home, SAFE, throw by CF to home
Batting: LHB Bharti Mona 0-0: Ground out U3 (Groundball, 3, EV 91.9 MPH)
Top of the 5th over - 2 runs, 3 hits, 0 errors, 2 left on base; Montana 2 - Vancouver 2
BOTTOM OF THE 5TH
Vancouver Grey Wolves batting - Pitching for Montana Pandas : RHP Sergio Gómez
Batting: SHB Willie McGirt 0-0: Swinging Strike
0-1: Ball
1-1: Ball
2-1: Fly out, F9 (Line Drive, 9, EV 95.6 MPH)
Batting: RHB Rafael Maldonado 0-0: Swinging Strike
0-1: Called Strike
0-2: Ball
1-2: Fly out, F8 (Line Drive, 8LD, EV 93.8 MPH)
Batting: SHB John Hawley 0-0: Called Strike
0-1: Called Strike
0-2: Ball
1-2: Fly out, F8 (Line Drive, 8LD, EV 84.4 MPH)
Bottom of the 5th over - 0 runs, 0 hits, 0 errors, 0 left on base; Montana 2 - Vancouver 2
TOP OF THE 6TH
Montana Pandas batting - Pitching for Vancouver Grey Wolves : RHP José García
Batting: RHB Tony Randolph 0-0: Ball
1-0: Ground out 6-3 (Groundball, 6, EV 105.6 MPH)
Batting: LHB Hsui-chuan Tsou 0-0: Ball
1-0: Ground out 6-3 (Groundball, 56, EV 84.4 MPH)
Batting: SHB Chris Piña 0-0: Ball
1-0: Foul Ball, location: 2F
1-1: Foul Ball, location: 2F
1-2: Fly out, F8 (Flyball, 89D, EV 95.6 MPH)
Top of the 6th over - 0 runs, 0 hits, 0 errors, 0 left on base; Montana 2 - Vancouver 2
BOTTOM OF THE 6TH
Vancouver Grey Wolves batting - Pitching for Montana Pandas : RHP Sergio Gómez
Batting: LHB José Arras 0-0: Swinging Strike
0-1: Foul Ball, location: 2F
0-2: Ball
1-2: Foul Ball, location: 2F
1-2: Foul Ball, location: 2F
1-2: Strikes out looking
Pitching: LHP Gil Herrera
Batting: RHB José Torres 0-0: Called Strike
0-1: Fly out, F9 (Flyball, 9S, EV 91.2 MPH)
Batting: LHB Javier Caceres 0-0: Ball
1-0: Bunted foul
1-1: Called Strike
1-2: Ball
2-2: Fly out, F4 (Popup, 34, EV 38.8 MPH)
Bottom of the 6th over - 0 runs, 0 hits, 0 errors, 0 left on base; Montana 2 - Vancouver 2
TOP OF THE 7TH
Montana Pandas batting - Pitching for Vancouver Grey Wolves : RHP José García
Pitching: RHP Tekoa Kinsinger
Batting: LHB António Casas 0-0: Ground out 1-3 (Groundball, 13, EV 84.4 MPH)
Batting: SHB Manu Pakkarinen 0-0: Ball
1-0: Called Strike
1-1: Foul Ball, location: 2F
1-2: Fly out, F8 (Flyball, 8LM, EV 91.9 MPH)
Pitching: RHP Ainanani Oliwa
Batting: SHB Gerrie Bond 0-0: Called Strike
0-1: Foul Ball, location: 2F
0-2: SINGLE (Groundball, 23, EV 81.2 MPH) (infield hit)
Batting: LHB Dean Jackson 0-0: Called Strike
0-1: Ground out 4-3 (Groundball, 4, EV 84.4 MPH)
Top of the 7th over - 0 runs, 1 hit, 0 errors, 1 left on base; Montana 2 - Vancouver 2
BOTTOM OF THE 7TH
Vancouver Grey Wolves batting - Pitching for Montana Pandas : LHP Gil Herrera
Batting: RHB David Stone 0-0: Called Strike
0-1: Ball
1-1: SOLO HOME RUN (Flyball, 7D, EV 96.2 MPH), Distance : 356 ft
Batting: LHB Cameron Woolever 0-0: Ball
1-0: Swinging Strike
1-1: SINGLE (Groundball, 4MD, EV 98.1 MPH)
Batting: RHB Kao-tsu Koo 0-0: Ball
Cameron Woolever is caught stealing 2nd base 2-4
1-0: Foul Ball, location: 2F
1-1: Ball
2-1: Called Strike
2-2: Strikes out swinging
Batting: SHB Willie McGirt 0-0: Ball
1-0: Ball
2-0: Called Strike
2-1: Ball
3-1: Called Strike
3-2: Base on Balls
Batting: RHB Rafael Maldonado 0-0: Called Strike
0-1: Ball
1-1: Called Strike
1-2: Strikes out looking
Bottom of the 7th over - 1 run, 2 hits, 0 errors, 1 left on base; Montana 2 - Vancouver 3
TOP OF THE 8TH
Montana Pandas batting - Pitching for Vancouver Grey Wolves : RHP Ainanani Oliwa
Pitching: RHP Terry Lesage
Now at C: Jimmy Scott
Batting: LHB Martín Pliego 0-0: Called Strike
0-1: Foul Ball, location: 2F
0-2: Ball
1-2: Ground out 4-3 (Groundball, 4S, EV 70.0 MPH)
Batting: LHB Bharti Mona 0-0: Called Strike
0-1: Swinging Strike
0-2: Strikes out swinging
Batting: RHB Tony Randolph 0-0: Ball
1-0: Ball
2-0: Ball
3-0: Base on Balls
Batting: LHB Hsui-chuan Tsou 0-0: Called Strike
0-1: Foul Ball, location: 2F
0-2: Ball
1-2: Ball
2-2: SINGLE (Groundball, 4D, EV 103.1 MPH)
Tony Randolph to second
Runner from 2nd tries for 3rd, SAFE, throw by CF made to third
Batting: SHB Chris Piña 0-0: Ball
1-0: Called Strike
1-1: Called Strike
1-2: Ball
2-2: Ball
3-2: Fly out, F8 (Flyball, 8RM, EV 92.5 MPH)
Top of the 8th over - 0 runs, 1 hit, 0 errors, 2 left on base; Montana 2 - Vancouver 3
BOTTOM OF THE 8TH
Vancouver Grey Wolves batting - Pitching for Montana Pandas : LHP Gil Herrera
Batting: SHB John Hawley 0-0: Called Strike
0-1: Foul Ball, location: 2F
0-2: Ball
1-2: Ground out 6-3 (Groundball, 6, EV 100.0 MPH)
Batting: LHB José Arras 0-0: Ball
1-0: Foul Ball, location: 2F
1-1: Foul Ball, location: 2F
1-2: Ground out U3 (Groundball, 3L, EV 80.0 MPH)
Batting: RHB José Torres 0-0: Called Strike
0-1: Ball
1-1: Swinging Strike
1-2: Ball
2-2: Foul Ball, location: 2F
2-2: Ball
3-2: Base on Balls
Batting: LHB Javier Caceres 0-0: Hit by Pitch
José Torres to second
Pinch Runner at 2nd Nate Hodges:
Batting: RHB David Stone 0-0: 3-RUN HOME RUN (Flyball, 7LD, EV 97.5 MPH), Distance : 336 ft
Pitching: RHP Ieyoshi Asai
Batting: LHB Cameron Woolever 0-0: Swinging Strike
0-1: Ball
1-1: Called Strike
1-2: SOLO HOME RUN (Flyball, 9D, EV 108.8 MPH), Distance : 339 ft
Batting: RHB Jimmy Scott 0-0: Ball
1-0: Called Strike
1-1: DOUBLE (Line Drive, 7LS, EV 105.0 MPH)
Batting: SHB Willie McGirt 0-0: Ball
1-0: Ball
2-0: Foul Ball, location: 2F
2-1: Ball
3-1: Swinging Strike
3-2: Base on Balls
Batting: RHB Rafael Maldonado 0-0: Ball
1-0: Swinging Strike
1-1: SINGLE (Groundball, 56D, EV 98.1 MPH)
Jimmy Scott to third
Willie McGirt to second
Runner from 3rd tries for Home, SAFE, throw by LF to home
Batting: SHB John Hawley 0-0: Called Strike
0-1: Ball
1-1: Ball
2-1: Called Strike
2-2: Ground out U3 (Groundball, 3L, EV 97.5 MPH)
Bottom of the 8th over - 5 runs, 4 hits, 0 errors, 2 left on base; Montana 2 - Vancouver 8
TOP OF THE 9TH
Montana Pandas batting - Pitching for Vancouver Grey Wolves : RHP Terry Lesage
Now at 2B: Alejandro Cantú
Batting: LHB António Casas 0-0: Ball
1-0: Ball
2-0: Called Strike
2-1: Ball
3-1: Foul Ball, location: 2F
3-2: DOUBLE (Line Drive, 3D, EV 95.0 MPH)
Batting: SHB Manu Pakkarinen 0-0: Fly out, F7 (Flyball, 78D, EV 94.4 MPH)
Pitching: RHP Trevor Brohard
Batting: SHB Gerrie Bond 0-0: Called Strike
0-1: Called Strike
0-2: Ball
1-2: Ball
2-2: SINGLE (Groundball, 6D, EV 101.9 MPH)
António Casas to third
Batting: LHB Dean Jackson 0-0: Fielders Choice at 2nd, 5-4 (Groundball, 6, EV 105.0 MPH)
António Casas scores
Batting: LHB Martín Pliego 0-0: Called Strike
0-1: Ball
1-1: Ball
2-1: Called Strike
2-2: Foul Ball, location: 2F
2-2: Foul Ball, location: 2F
2-2: Strikes out swinging
Top of the 9th over - 1 run, 2 hits, 0 errors, 1 left on base; Montana 3 - Vancouver 8
Friday, March 26th, 2021 - OOTP Baseball 20.8 Build 74